 Dungeon Crawl Stone Soup version 0.32-a0-30-gefbe487952 (webtiles) character file.

Game seed: 13838462108438588045

84 popopopopop the Ruffian (level 4, -10/39 HPs)
             Began as a Ghoul Monk on Jan 19, 2024.
             Mangled by a gnoll
             ... wielding a +0 flail
              (11 damage)
             ... on level 3 of the Dungeon.
             The game lasted 00:11:57 (1541 turns).

popopopopop the Ruffian (Ghoul Monk)                Turns: 1541, Time: 00:11:58

Health: -10/39     AC:  0    Str: 14    XL:     4   Next: 46%
Magic:  4/4        EV: 18    Int:  9    God:
Gold:   99         SH:  0    Dex: 13    Spells: 3/3 levels left

rFire   x .          .
                       - Unarmed
rCold   + + .        c - orb {light}
rNeg    + + +        (no body armour)
rPois   ∞            (no helmet)
rElec   .            (no cloak)
rCorr   .            (no gloves)
SInv    .            (no boots)
Will    .....        (no amulet)
Stlth   +            e - +5 ring of evasion
HPRegen 0.00/turn    h - ring of ice
MPRegen 0.09/turn

%: no passive effects
@: confused, ambrosia-drunk, inhibited regen, glowing
A: claws 1, cold resistance 1, negative energy resistance 3, inhibited
regeneration, torment resistance 2, devour on kill
a: no special abilities


You were on level 3 of the Dungeon.
You visited 1 branch of the dungeon, and saw 3 of its levels.

You collected 99 gold pieces.

Inventory:

Hand Weapons
 d - a +0 sling
Missiles
 g - 13 stones (quivered)
Armour
 a - a +0 robe
 c - an orb of light (worn)
 f - a +1 leather armour
Jewellery
 e - a +5 ring of evasion (left claw)
 h - a ring of ice (right claw)
Potions
 b - a potion of ambrosia


   Skills:
 + Level 3.6 Fighting
 + Level 2.2 Ranged Weapons
 + Level 3.1 Dodging
 + Level 0.1 Stealth
 + Level 3.9 Unarmed Combat


You had 3 spell levels left.
You didn't know any spells.
Your spell library was empty.

Dungeon Overview and Level Annotations

Branches:
Dungeon (3/15)

Altars:

Shops:
D:1 *

Annotations:
D:3 Terence


Innate Abilities, Weirdness & Mutations

You are immune to poison.
You have sharp fingernails.
Your flesh is cold resistant. (rC+)
You are immune to negative energy. (rN+++)
You do not regenerate when monsters are visible.
You are immune to unholy pain and torment.
You thrive by killing the living.


Message History

You kill the hobgoblin!
Found a scroll labelled POASCH LODWUA.
Found a stone staircase leading down.
You now have 86 gold pieces (gained 7).
You now have 99 gold pieces (gained 13).
i - a scroll labelled POASCH LODWUA
As you read the scroll labelled POASCH LODWUA, it crumbles to dust.
Wisps of shadow whirl around you...
It was a scroll of summoning.
You swap places.
You swap places.
There is a stone staircase leading down here.
You climb downwards.
Your summoned allies are left behind.
The gnoll shouts!
Found 16 gold pieces.
Found two stone staircases leading down.
There is a stone staircase leading up here.
A gnoll comes into view. It is wielding a +0 flail.
A rat and a gnoll come into view.
The rat squeaks loudly.
The gnoll shouts! x2
The rat twitches its whiskers.
The gnoll hits you with a +0 flail!
Terence the Incautious comes into view.
He is wielding a +0 flail and wearing a +2 chain mail of fire resistance.
Terence shouts!
You scratch the gnoll.
The gnoll is lightly wounded.
The gnoll hits you with a +0 flail!
The gnoll hits you from afar with a +0 spear!
You completely miss the gnoll.
The gnoll is lightly wounded.
The gnoll misses you. The gnoll barely misses you. The rat misses you.
The gnoll completely misses you.
You scratch the gnoll.
The gnoll is moderately wounded.
The rat bites you. The gnoll misses you. The gnoll hits you with a +0 flail!
* * * LOW HITPOINT WARNING * * *
You are confused.
You feel invigorated. The gnoll barely misses you.
The gnoll hits you from afar with a +0 spear!
* * * LOW HITPOINT WARNING * * *
The rat misses you. The gnoll hits you with a +0 flail!
You die...

.##.#. .....
.#.#.#.#.# #.
........ ...
#.##..####...
###.##..#......
##..>...........
#...<......$....
#................
#........@r.@....
#........gg......
>...........g.....
...................
#.#................
.................#.
##.....#......#
#.######.##..#


You could see Terence, 3 gnolls and a rat.

Vanquished Creatures
  Jessica (D:2)
  An adder (D:2)
  5 ball pythons
  7 bats
  3 endoplasms (D:1)
  A giant cockroach (D:2)
  2 goblins
  6 hobgoblins
  6 jackals
  4 kobolds
  2 quokkas (D:1)
  2 frilled lizards
  5 rats
45 creatures vanquished.

Notes
Turn   | Place    | Note
-------+----------+-------------------------------------------
     0 | D:1      | popopopopop the Ghoul Monk began the quest for the Orb.
     0 | D:1      | Reached XP level 1. HP: 19/19 MP: 1/1
    91 | D:1      | Reached XP level 2. HP: 22/26 MP: 2/2
   903 | D:1      | Reached XP level 3. HP: 28/31 MP: 3/3
   996 | D:1      | Reached skill level 1 in Ranged Weapons
   998 | D:1      | Found Inacemm's General Store.
  1175 | D:2      | Found a faded altar of an unknown god.
  1330 | D:2      | Noticed Jessica
  1332 | D:2      | Killed Jessica
  1333 | D:2      | Reached XP level 4. HP: 37/39 MP: 4/4
  1537 | D:3      | Noticed Terence
  1541 | D:3      | HP: 1/39 [gnoll/+0 spear (7)]
  1541 | D:3      | Mangled by a gnoll

Illustrated notes

Levels and vault maps discovered:
D:1:      amcnicky_arrival_single_pillar, layout_basic, serial_shops, shop,
          minivault_4, chequers_serial_rivers_large_a, minmay_heptomino_h4
D:2:      cheibrodos_helix_gallery, layout_loops_ring, basic_ecumenical_altar,
          uniq_jessica
D:3:      layout_rooms, uniq_terence, uniq_sigmund

Skill      XL: |  1  2  3 |
---------------+----------+-----
Dodging        | 3 |  3.1
Ranged Weapons | 2 |  2.2
Fighting       | |  3.6
Stealth        | |  0.1
Unarmed Combat | |  3.9

Action                     |  1- 3 |  4- 6 || total
---------------------------+-------+-------++-------
  Melee: Unarmed           |    61 |    14 ||    75
   Fire: Sling             |    53 |       ||    53
    Use: Potion            |     5 |     1 ||     6
         Scroll            |     1 |     1 ||     2
 Armour: Skin              |    45 |    10 ||    55
         Robe              |     1 |       ||     1
  Dodge: Dodged            |   119 |    11 ||   130

Table legend: (Time is in decaauts)
 A = Elapsed time spent in this place.
 B = Non-inter-level travel time spent in this place.
 C = Inter-level travel time spent in this place.
 D = Time resting spent in this place.
 E = Time spent auto-exploring this place.
 F = Levels seen in this place.
 G = Mean time per level.
                   A        B        C        D        E       F      G
               +--------+--------+--------+--------+--------+-----+--------+
         Total |   1545 |    381 |   1164 |      0 |      0 |   3 |  515.0 |
       Dungeon |   1545 |    381 |   1164 |      0 |      0 |   3 |  515.0 |
               +--------+--------+--------+--------+--------+-----+--------+

Top non-repeatable levels by time:
     D:1: 1158 daAuts
     D:2: 379 daAuts
     D:3: 7 daAuts
